[Event "International chess holiday M11"]
[Site "Praha"]
[Date "2013.07.18"]
[Round "8"]
[White "Novák, Jindøich"]
[Black "Kasparov, Sergey"]
[Result "0-1"]
[ECO "B01"]
[WhiteElo "2013"]
[BlackElo "2470"]
[Annotator "Koller,Martin"]
[PlyCount "120"]
[TimeControl "240+2"]

1. e4 d5 2. d3 dxe4 3. dxe4 Qxd1+ 4. Kxd1 e5 5. Nd2 Bc5 6. f3 a5 7. Nc4
f6 8. Be3 Na6 9. c3 Be6 10. Bxc5 Nxc5 11. Kc2 Ne7 12. Ne3 a4 13. Bc4 Bd7 14. a3
Be6 15. Ne2 Bxc4 16. Nxc4 Kf7 17. Rad1 h5 18. Ne3 Rad8 19. Nc1 h4 20. Na2 Ke6
21. Nb4 c6 22. Nd3 Nxd3 23. Rxd3 Rxd3 24. Kxd3 Rd8+ 25. Kc2 g6 26. g4 Nc8 27.
Ng2 Rh8 28. Ne3 Nd6 29. Rg1 Nf7 30. Kd2 Ng5 31. Ke2 Rd8 32. Rd1 Rxd1 33. Nxd1
Kd6 34. Ne3 Kc5 35. Ng2 h3 36. Ne3 Ne6 37. Nf1 Kd6 38. Ne3 Nf4+ 39. Kd2 Kc5 40.
Nd1 Kc4 41. Kc2 Ng2 42. Nf2 Ne1+ 43. Kd1 Nxf3 44. Nxh3 Kd3 45. g5 fxg5 46. Nf2+
Ke3 47. Ng4+ Kxe4 48. Ke2 Kf4 49. Nf2 e4 50. h3 Ne5 51. Nd1 Nc4 52. Kf2 g4 53.
h4 g3+ 54. Ke2 Kg4 55. b3 axb3 56. h5 gxh5 57. a4 b2 58. a5 b1=Q 59. a6 Qd3+
60. Ke1 Kf3 0-1

[Event "International chess holiday M11"]
[Site "Praha"]
[Date "2013.07.18"]
[Round "8"]
[White "Kováø, Jan"]
[Black "Šišák, Richard"]
[Result "1/2-1/2"]
[ECO "B01"]
[WhiteElo "1937"]
[BlackElo "2072"]
[Annotator "Koller,Martin"]
[PlyCount "56"]
[TimeControl "240+2"]

1. e4 d5 2. exd5 Qxd5 3. Nc3 Qa5 4. d4 Nf6 5. Nf3 c6 6. Be2 Bf5 7. O-O
e6 8. Bd3 Bg6 9. Ne5 Be7 10. Qe2 Nbd7 11. Nc4 Bxd3 12. Nxa5 Bxe2 13. Nxe2 O-O-O
14. Bf4 Nb6 15. h3 Nfd5 16. Bg3 Bb4 17. Nb3 Nc4 18. c3 Bd6 19. Bxd6 Rxd6 20.
Nc5 b6 21. Ne4 Rd7 22. b3 Nd6 23. Nxd6+ Rxd6 24. Rac1 Rhd8 25. g3 g6 26. Rfe1
Kb7 27. Kf1 Nf6 28. Ng1 Nd7 1/2-1/2

[Event "International chess holiday M11"]
[Site "Praha"]
[Date "2013.07.18"]
[Round "8"]
[White "Gregor, Jiøí"]
[Black "Reichmann, Steffen"]
[Result "1-0"]
[ECO "A52"]
[WhiteElo "2276"]
[BlackElo "1988"]
[Annotator "Koller,Martin"]
[PlyCount "54"]
[TimeControl "240+2"]

1. d4 Nf6 2. c4 e5 3. dxe5 Ng4 4. Nf3 Bc5 5. e3 Nc6 6. Bd2 Qe7 7. Nc3
Ngxe5 8. Nd5 Nxf3+ 9. Qxf3 Qd6 10. a3 a5 11. Bc3 O-O 12. Rd1 Ne5 13. Qg3 f6 14.
Nxf6+ Qxf6 15. Bxe5 Qh6 16. Be2 Ra6 17. Bf4 Qf6 18. O-O d6 19. Rd5 Rb6 20. Bd3
Rb3 21. Bc2 Rxb2 22. Rxc5 Rxc2 23. Rxc7 Rd2 24. c5 Be6 25. cxd6 b5 26. Be5
Qxf2+ 27. Qxf2 Rfxf2 1-0

[Event "International chess holiday M11"]
[Site "Praha"]
[Date "2013.07.18"]
[Round "8"]
[White "Wimmer, Miroslav"]
[Black "Koper, Štefan"]
[Result "1-0"]
[ECO "A37"]
[WhiteElo "2127"]
[BlackElo "1984"]
[Annotator "Koller,Martin"]
[PlyCount "67"]
[TimeControl "240+2"]

1. c4 g6 2. g3 Bg7 3. Bg2 c5 4. Nc3 Nc6 5. Nf3 d6 6. O-O e5 7. a3 Nge7
8. b4 O-O 9. Rb1 Bf5 10. d3 Rb8 11. Nd5 Nxd5 12. cxd5 Ne7 13. bxc5 dxc5 14. Bb2
f6 15. Nd2 b6 16. e4 Bd7 17. f4 exf4 18. gxf4 Kh8 19. Qf3 Ng8 20. Bh3 Bxh3 21.
Qxh3 f5 22. Nf3 Bxb2 23. Rxb2 Rb7 24. Ng5 Qd6 25. Rg2 Re7 26. Ne6 Rxe6 27. dxe6
Qxe6 28. exf5 Rxf5 29. Rg3 Qd7 30. Qg2 Ne7 31. Qe4 Rd5 32. Re1 Nf5 33. Rh3 Kg7
34. Kf2 neèitelné 1-0

[Event "International chess holiday M11"]
[Site "Praha"]
[Date "2013.07.19"]
[Round "9"]
[White "Reichmann, Steffen Dr."]
[Black "Wimmer, Miroslav"]
[Result "0-1"]
[ECO "C00"]
[WhiteElo "1988"]
[BlackElo "2127"]
[Annotator "Koller,Martin"]
[PlyCount "84"]
[TimeControl "240+2"]

1. e4 e6 2. Nf3 d5 3. e5 c5 4. b4 d4 5. bxc5 Bxc5 6.
Ba3 Qa5 7. Bxc5 Qxc5 8. c3 Nc6 9. cxd4 Nxd4 10. Qa4+ Bd7 11. Qxd4 Qc1+ 12. Ke2
Bb5+ 13. Ke3 Bxf1 14. Qa4+ Kf8 15. Rg1 Ne7 16. Qa3 Qxa3+ 17. Nxa3 Nd5+ 18. Ke4
Ba6 19. Rgc1 f5+ 20. exf6 gxf6 21. Nc4 Rd8 22. Ne3 Nb4 23. Rc7 Nd3 24. Rf1 Rg8
25. Nh4 f5+ 26. Nhxf5 exf5+ 27. Kxf5 Rg7 28. Rxg7 Kxg7 29. f3 Nb4 30. Rc1 Nc6
31. Ke6 Rxd2 32. Nf5+ Kf8 33. Rc5 Rxg2 34. Nh4 Rg7 35. Nf5 Rg6+ 36. Kd7 Rf6 37.
Kc7 Rf7+ 38. Kd6 Bd3 39. Nh4 Ke8 40. Rg5 Rd7+ 41. Kc5 Kd8 42. f4 Kc7 0-1

[Event "International chess holiday M11"]
[Site "Praha"]
[Date "2013.07.19"]
[Round "9"]
[White "Šišák, Richard"]
[Black "Hánl , František"]
[Result "1-0"]
[ECO "D02"]
[WhiteElo "2072"]
[BlackElo "1935"]
[Annotator "Koller,Martin"]
[PlyCount "46"]
[TimeControl "240+2"]

1. d4 e6 2. Bf4 Nf6 3. e3 b6 4. Nf3 Bb7 5. Nbd2 Be7 6. h3 O-O 7. Bd3 d5
8. Qe2 c5 9. c3 Ne4 10. Ne5 f6 11. Nef3 Nd7 12. Bc2 Re8 13. Nxe4 dxe4 14. Nd2
f5 15. Bb3 Bd5 16. Bh2 cxd4 17. exd4 Nf6 18. O-O Bd6 19. Bxd6 Qxd6 20. f3 Bxb3
21. axb3 exf3 22. Nxf3 Ne4 23. Rfe1 Qg3 neèitelné 1-0

[Event "International chess holiday M11"]
[Site "Praha"]
[Date "2013.07.19"]
[Round "9"]
[White "Kasparov, Sergey"]
[Black "Kováø, Jan"]
[Result "1-0"]
[ECO "C07"]
[WhiteElo "2470"]
[BlackElo "1937"]
[Annotator "Koller,Martin"]
[PlyCount "67"]
[TimeControl "240+2"]

1. e4 e6 2. d4 d5 3. Nd2 c5 4. exd5 Qxd5 5. Ngf3 cxd4 6. Bc4 Qd6 7. O-O
Nf6 8. Nb3 Nc6 9. Nbxd4 Nxd4 10. Nxd4 a6 11. Bb3 Qc7 12. Qf3 Bd6 13. h3 O-O 14.
Bg5 Nd7 15. c3 Ne5 16. Qh5 Ng6 17. Qf3 Bh2+ 18. Kh1 Bf4 19. Bxf4 Qxf4 20. Rfd1
Rd8 21. Qxf4 Nxf4 22. Nf3 Rxd1+ 23. Rxd1 Kf8 24. Rd4 Ng6 25. Rd8+ Ke7 26. Rg8
Kf6 27. Nd2 b6 28. Ne4+ Ke5 29. Ng5 Bb7 30. Rxg7 Bxg2+ 31. Kxg2 Kf6 32. Rxh7
Kxg5 33. Rxf7 Rh8 34. Kg3 1-0

[Event "International chess holiday K11"]
[Site "Praha"]
[Date "2013.07.14"]
[Round "1"]
[White "Litfin, Boris"]
[Black "Pokorný, Jan"]
[Result "1-0"]
[ECO "B08"]
[WhiteElo "1937"]
[BlackElo "1875"]
[Annotator "Koller,Martin"]
[PlyCount "88"]
[TimeControl "240+2"]

1. e4 d6 2. d4 g6 3. Nc3 Bg7 4. Nf3 Nf6 5. Be2 O-O 6. O-O
c5 7. dxc5 dxc5 8. Be3 b6 9. Qc1 Bb7 10. Rd1 Qc8 11. Bh6 Nxe4 12. Bxg7 Kxg7 13.
Nxe4 Bxe4 14. Qe3 Qb7 15. Rd2 a5 16. Re1 Ra7 17. h4 h5 18. Bd1 Bf5 19. Ng5 Qc6
20. Bf3 Qf6 21. c3 Nc6 22. Red1 Ne5 23. Rd8 Nxf3+ 24. Nxf3 Ra8 25. Rxa8 Rxa8
26. Re1 Re8 27. Qf4 Bg4 28. Qxf6+ Kxf6 29. Ne5 Be6 30. a3 Rd8 31. b4 cxb4 32.
axb4 a4 33. c4 Rd4 34. c5 bxc5 35. bxc5 Rd5 36. Nf3 Rxc5 37. Nd2 Ra5 38. Ra1 a3
39. Ne4+ Ke5 40. Nd2 a2 41. g3 Kd4 42. Rd1 Kc3 43. Ne4+ Kc2 44. Rd2+ Kc1 1-0

[Event "International chess holiday K11"]
[Site "Praha"]
[Date "2013.07.14"]
[Round "1"]
[White "Kasparova , Tatiana"]
[Black "Korth, Manfred Dr."]
[Result "1-0"]
[ECO "B07"]
[WhiteElo "2133"]
[BlackElo "1887"]
[Annotator "Koller,Martin"]
[PlyCount "89"]
[TimeControl "240+2"]

1. e4 d6 2. d4 Nf6 3. Nc3 c6 4. a4 a5 5. h3 Nbd7 6. Nge2
e5 7. g3 Be7 8. Bg2 Qc7 9. Be3 O-O 10. O-O Re8 11. g4 Nf8 12. f4 exd4 13. Nxd4
Ne6 14. Qd2 Bf8 15. Nxe6 Bxe6 16. b3 Rad8 17. Qf2 Qe7 18. Rae1 Bd7 19. Qh4 Kh8
20. Bd4 Ng8 21. Qg3 Ra8 22. g5 Rec8 23. Bf3 Qd8 24. Be2 f5 25. Bd3 Ne7 26. e5
d5 27. e6 Be8 28. Qf2 Kg8 29. Bc5 g6 30. h4 Rcb8 31. h5 b6 32. Bd4 c5 33. Bf6
d4 34. Nb5 Rc8 35. hxg6 Bxg6 36. Bc4 Bg7 37. Re5 Qf8 38. Qh4 Rc6 39. Rfe1 Kh8
40. Rd5 Rd8 41. Rd7 Rxd7 42. exd7 Bxf6 43. gxf6 Ng8 44. f7 Bxf7 45. d8=Q 1-0

[Event "International chess holiday K11"]
[Site "Praha"]
[Date "2013.07.14"]
[Round "1"]
[White "Trebbin, Wolfhard Dr."]
[Black "Èisárik, Pavol"]
[Result "1/2-1/2"]
[ECO "E01"]
[WhiteElo "1968"]
[BlackElo "1777"]
[Annotator "Koller,Martin"]
[PlyCount "41"]
[TimeControl "240+2"]

1. d4 Nf6 2. Nf3 e6 3. g3 d5 4. Bg2 c6 5. O-O Nbd7 6. Nbd2
Bd6 7. c4 O-O 8. Qc2 e5 9. dxe5 Nxe5 10. Nxe5 Bxe5 11. Nf3 Qe7 12. Bg5 dxc4 13.
Rad1 Re8 14. Rd2 h6 15. Nxe5 Qxe5 16. Bxf6 Qxf6 17. Qxc4 Be6 18. Qc2 Red8 19.
Rfd1 Rxd2 20. Rxd2 Rd8 21. a3 1/2-1/2

[Event "International chess holiday K11"]
[Site "Praha"]
[Date "2013.07.14"]
[Round "1"]
[White "Schunke, Schulz"]
[Black "Vítek, Jan"]
[Result "1/2-1/2"]
[ECO "A82"]
[WhiteElo "1878"]
[BlackElo "1824"]
[Annotator "Koller,Martin"]
[PlyCount "34"]
[TimeControl "240+2"]

1. Nc3 f5 2. e4 fxe4 3. Nxe4 g6 4. d4 Bg7 5. Nf3 Nf6 6.
Nxf6+ exf6 7. Qe2+ Kf7 8. Be3 Rf8 9. O-O-O d5 10. Qd2 Be6 11. h3 Qd7 12. g4 Qa4
13. Kb1 Nd7 14. Bd3 c5 15. b3 Qa3 16. Qc1 Qxc1+ 17. Bxc1 c4 1/2-1/2

[Event "International chess holiday K11"]
[Site "Praha"]
[Date "2013.07.14"]
[Round "2"]
[White "Pokorný , Jan"]
[Black "Plesník , Miroslav"]
[Result "1/2-1/2"]
[ECO "A13"]
[WhiteElo "1893"]
[BlackElo "1901"]
[Annotator "Koller,Martin"]
[PlyCount "47"]
[TimeControl "240+2"]

1. Nf3 e6 2. b3 Nf6 3. Bb2 Be7 4. e3 O-O 5. c4 d5 6. Be2
c5 7. O-O Nc6 8. d4 cxd4 9. Nxd4 Nxd4 10. Bxd4 a6 11. Nc3 dxc4 12. Bxc4 b5 13.
Be2 Bb7 14. Bf3 Bxf3 15. Qxf3 Qa5 16. Ne4 Nxe4 17. Qxe4 Rac8 18. Qg4 g6 19. Qe4
Qc7 20. g3 Qc6 21. Qb1 f6 22. Rc1 Qf3 23. Rc2 e5 24. Bb2 1/2-1/2

[Event "International chess holiday K11"]
[Site "Praha"]
[Date "2013.07.14"]
[Round "2"]
[White "Èisárik, Pavol"]
[Black "Schunke, Oliver"]
[Result "1-0"]
[ECO "C41"]
[WhiteElo "1777"]
[BlackElo "1878"]
[Annotator "Koller,Martin"]
[PlyCount "74"]
[TimeControl "240+2"]

1. e4 e5 2. Nf3 d6 3. d4 exd4 4. Nxd4 Nf6 5. Nc3 Be7 6.
Bc4 O-O 7. O-O Nxe4 8. Nxe4 d5 9. Bxd5 Qxd5 10. Nc3 Qd8 11. Bf4 c6 12. Re1 Bf6
13. Be5 Nd7 14. Bd6 Re8 15. Ne4 Be7 16. Nf5 Bxd6 17. Nexd6 Rxe1+ 18. Qxe1 Nf6
19. Ne7+ Kf8 20. Nexc8 Rxc8 21. Nxc8 Qxc8 22. Qe5 Qd8 23. h3 a6 24. Qc5+ Qe7
25. Qxe7+ Kxe7 26. f3 h5 27. Kf2 h4 28. Rd1 g5 29. a4 Nd5 30. a5 f6 31. Rd4 Ke6
32. Re4+ Kf7 33. g3 hxg3+ 34. Kxg3 f5 35. Rd4 Ke6 36. c4 Nf4 37. Rxf4 gxf4+ 1-0

[Event "International chess holiday K11"]
[Site "Praha"]
[Date "2013.07.14"]
[Round "2"]
[White "Korth , Manfred Dr."]
[Black "Trebbin, Wolfahrd Dr."]
[Result "1/2-1/2"]
[ECO "A07"]
[WhiteElo "1887"]
[BlackElo "1968"]
[Annotator "Koller,Martin"]
[PlyCount "69"]
[TimeControl "240+2"]

1. Nf3 d5 2. g3 Nf6 3. Bg2 e6 4. d3 Bd6 5. O-O O-O 6. Nbd2
c6 7. e4 Qc7 8. Re1 Nbd7 9. Qe2 dxe4 10. dxe4 e5 11. Nc4 Bc5 12. a4 Ng4 13. Rf1
Re8 14. h3 Ngf6 15. Bg5 h6 16. Bd2 a5 17. Rfd1 b6 18. Nh4 Ba6 19. b3 Nf8 20.
Qf3 N6h7 21. Nf5 Re6 22. Nce3 Rg6 23. h4 Ne6 24. Kh1 Rd8 25. h5 Nhg5 26. Qg4
Rf6 27. Qh4 Be2 28. Ng4 Bxg4 29. Qxg4 Bxf2 30. b4 axb4 31. Bxb4 Bc5 32. Rxd8+
Qxd8 33. Rd1 Qf8 34. Bc3 Nd4 35. Bxd4 1/2-1/2

[Event "International chess holiday K11"]
[Site "Praha"]
[Date "2013.07.14"]
[Round "2"]
[White "Litfin, Boris"]
[Black "Kasparova, Tatiana"]
[Result "1-0"]
[ECO "B18"]
[WhiteElo "1937"]
[BlackElo "2133"]
[Annotator "Koller,Martin"]
[PlyCount "55"]
[TimeControl "240+2"]

1. e4 c6 2. d4 d5 3. Nd2 dxe4 4. Nxe4 Bf5 5. Ng3 Bg6 6.
N1e2 e6 7. h4 h6 8. Nf4 Bh7 9. Bc4 Bd6 10. Ngh5 Bxf4 11. Nxg7+ Kf8 12. Nxe6+
fxe6 13. Bxf4 Qa5+ 14. c3 Qf5 15. Rh3 Qxf4 16. Rf3 Qf6 17. Bxe6 Kg7 18. Rxf6
Nxf6 19. Qb3 b6 20. O-O-O Na6 21. Qa3 Rae8 22. Qd6 Rhf8 23. g4 Bg8 24. Bxg8
Nxg8 25. g5 Rxf2 26. gxh6+ Kh8 27. Rg1 Nf6 28. Qg3 1-0

[Event "International chess holiday K11"]
[Site "Praha"]
[Date "2013.07.15"]
[Round "3"]
[White "Kasparovova, Ta�iana"]
[Black "Pokorný, Jan"]
[Result "1-0"]
[ECO "B06"]
[WhiteElo "2133"]
[BlackElo "1893"]
[Annotator "Koller,Martin"]
[PlyCount "61"]
[TimeControl "240+2"]

1. e4 d6 2. d4 Nf6 3. Nc3 g6 4. Nge2 Bg7 5. h3 O-O 6. g4 e5 7. Be3 exd4
8. Bxd4 Nbd7 9. Bg2 a6 10. O-O Rb8 11. Qd2 Ne5 12. b3 Bd7 13. Rad1 Bc6 14. g5
Nh5 15. f4 Nd7 16. Bxg7 Nxg7 17. Nd4 Ne6 18. Nxc6 bxc6 19. e5 d5 20. h4 Rb4 21.
Ne2 Qb8 22. c3 Qa7+ 23. Kh2 Rbb8 24. Bh3 Ndc5 25. Ng3 Rfe8 26. Qf2 Qb6 27. f5
Nd8 28. e6 fxe6 29. fxg6 Nd7 30. gxh7+ Kxh7 31. Qf3 1-0

[Event "International chess holiday K11"]
[Site "Praha"]
[Date "2013.07.15"]
[Round "3"]
[White "Schunke, Oliver"]
[Black "Korth, Manfred Dr."]
[Result "0-1"]
[ECO "B07"]
[WhiteElo "1878"]
[BlackElo "1887"]
[Annotator "Koller,Martin"]
[PlyCount "96"]
[TimeControl "240+2"]

1. Nc3 d6 2. d4 Nf6 3. e4 c6 4. g3 Nbd7 5. Bg2 e5 6. dxe5 dxe5 7. Nge2
Bc5 8. O-O b5 9. a3 a5 10. h3 O-O 11. Kh2 Qe7 12. Qd3 Ba6 13. Qf3 b4 14. Na4
Bd6 15. Rd1 Bb5 16. b3 Bxa4 17. bxa4 bxa3 18. Qd3 Bb4 19. c3 Bc5 20. f4 Rfd8
21. Qc2 Qe6 22. fxe5 Nxe5 23. Nd4 Qe8 24. Bf4 Nh5 25. Bc1 Rac8 26. Qe2 g6 27.
Bg5 Rd7 28. Bc1 Qe7 29. Be3 Rb7 30. Nf5 Qf8 31. Bh6 Qe8 32. Nd4 Ng7 33. Rf1 Rb2
34. Qe3 Ne6 35. Bf4 Nxf4 36. gxf4 Nc4 37. Qg3 Nd2 38. e5 Nxf1+ 39. Rxf1 a2 40.
Nf5 Bf8 41. Ra1 Qe6 42. Nd4 Qc4 43. f5 Rb1 44. fxg6 hxg6 45. e6 Rxa1 46. exf7+
Qxf7 47. Be4 Rh1+ 48. Bxh1 a1=Q 0-1

[Event "International chess holiday K11"]
[Site "Praha"]
[Date "2013.07.15"]
[Round "3"]
[White "Trebbin, Wolfhard Dr."]
[Black "Litfin, Boris"]
[Result "1-0"]
[ECO "A41"]
[WhiteElo "1968"]
[BlackElo "1937"]
[Annotator "Koller,Martin"]
[PlyCount "74"]
[TimeControl "240+2"]

1. d4 d6 2. Nf3 g6 3. g3 Bg7 4. Bg2 c5 5. c3 cxd4 6. cxd4 Nc6 7. O-O
Nf6 8. Nc3 O-O 9. h3 a6 10. e4 Rb8 11. Be3 d5 12. exd5 Nxd5 13. Nxd5 Qxd5 14.
Ne5 Qb5 15. a4 Qa5 16. Nc4 Qc7 17. Bf4 e5 18. dxe5 Be6 19. Rc1 Rbd8 20. Nd6 Qa5
21. Qe1 Qb6 22. Nxb7 Qxb7 23. Rxc6 Bxh3 24. Qe4 Bf5 25. Qe3 Qxb2 26. Rfc1 Rd3
27. Qc5 Re8 28. Rb6 Qa2 29. Rxa6 Rc8 30. Rc6 Rxc6 31. Qxc6 Rd8 32. Qb6 Re8 33.
Qb5 Rd8 34. a5 Qa3 35. Qb6 Re8 36. Qb5 Rd8 37. Qb6 Re8 1-0

[Event "International chess holiday K11"]
[Site "Praha"]
[Date "2013.07.16"]
[Round "4"]
[White "Èisárik, Pavol"]
[Black "Plesník , Miroslav"]
[Result "1/2-1/2"]
[ECO "C07"]
[WhiteElo "1777"]
[BlackElo "1901"]
[Annotator "Koller,Martin"]
[PlyCount "37"]
[TimeControl "240+2"]

1. e4 e6 2. d4 d5 3. Nd2 c5 4. exd5 Qxd5 5. Ngf3 cxd4 6. Bc4 Qd8 7. O-O
Nf6 8. Nb3 Nc6 9. Nbxd4 Nxd4 10. Nxd4 Be7 11. Bf4 a6 12. c3 O-O 13. Re1 Qb6 14.
Qc2 Qc5 15. Bd3 Bd6 16. Bxd6 Qxd6 17. Nf3 Bd7 18. Rad1 Qc7 19. Ne5 1/2-1/2

[Event "International chess holiday K11"]
[Site "Praha"]
[Date "2013.07.16"]
[Round "4"]
[White "Kasparova, Ta�iana"]
[Black "Trebbin, Wolfhard Dr."]
[Result "1/2-1/2"]
[ECO "B41"]
[WhiteElo "2133"]
[BlackElo "1968"]
[Annotator "Koller,Martin"]
[PlyCount "82"]
[TimeControl "240+2"]

1. e4 c5 2. Nf3 e6 3. d4 cxd4 4. Nxd4 a6 5. c4 Qc7 6. Nc3 Nf6 7. Bd3
Nc6 8. Nxc6 dxc6 9. Be3 e5 10. h3 Be7 11. O-O O-O 12. c5 Be6 13. Qe2 Rad8 14.
b3 Nd7 15. Na4 Rfe8 16. Rad1 g6 17. Qc2 Bf6 18. Nb2 Kg7 19. Qc1 Nf8 20. Nc4
Bxc4 21. Bxc4 Rxd1 22. Rxd1 Rd8 23. g3 Rxd1+ 24. Qxd1 Qd7 25. Qxd7 Nxd7 26. b4
Be7 27. Kf1 Nf8 28. Bd3 Ne6 29. a4 Nc7 30. Bc4 Kf6 31. Ke2 Ne6 32. Kd3 Bf8 33.
Bxe6 Kxe6 34. Kc4 Be7 35. b5 axb5+ 36. axb5 Bd8 37. Bd2 h5 38. f3 h4 39. g4 g5
40. Kb4 Kd7 41. Ka4 f6 1/2-1/2

[Event "International chess holiday K11"]
[Site "Praha"]
[Date "2013.07.16"]
[Round "4"]
[White "Pokorný , Jan"]
[Black "Vítek, Jan"]
[Result "1-0"]
[ECO "A89"]
[WhiteElo "1893"]
[BlackElo "1824"]
[Annotator "Koller,Martin"]
[PlyCount "99"]
[TimeControl "240+2"]

1. d4 f5 2. c4 g6 3. Nc3 Nf6 4. g3 Bg7 5. Bg2 O-O 6. Nf3 d6 7. O-O Nc6
8. a3 e5 9. dxe5 dxe5 10. Ng5 Qxd1 11. Rxd1 Na5 12. Nd5 e4 13. Nxc7 Rb8 14. Bf4
Nh5 15. Bd6 Rf6 16. Be7 Nc6 17. Bxf6 Bxf6 18. h4 Bxb2 19. Ra2 h6 20. Nh3 Be5
21. Nd5 Be6 22. Nhf4 Nxf4 23. gxf4 Bg7 24. Ne3 b5 25. Rd6 Nd4 26. Rd2 Bxc4 27.
Nxc4 bxc4 28. R2xd4 Bxd4 29. Rxd4 Rc8 30. Rd2 c3 31. Rc2 Kf7 32. e3 Ke6 33. Bf1
Kf6 34. f3 g5 35. fxg5+ hxg5 36. hxg5+ Kxg5 37. fxe4 fxe4 38. Bg2 Kf5 39. Kf2
Ke5 40. Bf1 Kd5 41. Ke1 Rc5 42. Kd1 Kc6 43. Rf2 Ra5 44. Rf6+ Kb7 45. Bg2 Rxa3
46. Bxe4+ Kc7 47. Kc2 Ra4 48. Bd3 Ra3 49. Ra6 Rxa6 50. Bxa6 1-0

[Event "International chess holiday K11"]
[Site "Praha"]
[Date "2013.07.16"]
[Round "4"]
[White "Litfin, Boris"]
[Black "Schunke, Oliver"]
[Result "1-0"]
[ECO "C41"]
[WhiteElo "1937"]
[BlackElo "1876"]
[Annotator "Koller,Martin"]
[PlyCount "53"]
[TimeControl "240+2"]

1. e4 e5 2. Nf3 d6 3. d4 exd4 4. Qxd4 Nf6 5. Nc3 Be7 6. Bg5 O-O 7.
O-O-O a6 8. Qd2 b5 9. Bd3 c5 10. Nd5 Nxd5 11. exd5 Bxg5 12. Nxg5 h6 13. Nf3 Qf6
14. Kb1 b4 15. Rhe1 Bg4 16. Qe2 Nd7 17. Qe4 Qg6 18. Qf4 Qh5 19. Qxd6 Rfe8 20.
Qf4 a5 21. d6 a4 22. Re7 Be6 23. Re1 Nb6 24. R1xe6 fxe6 25. g4 Nd5 26. Qe4 Nf6
27. Qxe6+ 1-0

[Event "International chess holiday K11"]
[Site "Praha"]
[Date "2013.07.16"]
[Round "5"]
[White "Plesník, Miroslav"]
[Black "Korth, Manfred Dr."]
[Result "1/2-1/2"]
[ECO "A41"]
[WhiteElo "1901"]
[BlackElo "1887"]
[Annotator "Koller,Martin"]
[PlyCount "43"]
[TimeControl "240+2"]

1. d4 d6 2. c4 e5 3. dxe5 dxe5 4. Qxd8+ Kxd8 5. Nf3 f6 6. Nc3 Be6 7. e3
c6 8. Be2 Nd7 9. O-O g5 10. Rd1 Kc7 11. a3 a5 12. b3 h5 13. Bb2 Nh6 14. Ne4 Be7
15. Nexg5 fxg5 16. Nxe5 Rhg8 17. Nf3 h4 18. Nd4 Bf7 19. h3 g4 20. hxg4 Nxg4 21.
Nf5 Bf8 22. Nxh4 1/2-1/2

[Event "International chess holiday K11"]
[Site "Praha"]
[Date "2013.07.16"]
[Round "5"]
[White "Trebbin, Wolfhard Dr."]
[Black "Pokorný, Jan"]
[Result "1/2-1/2"]
[ECO "A49"]
[WhiteElo "1968"]
[BlackElo "1893"]
[Annotator "Koller,Martin"]
[PlyCount "30"]
[TimeControl "240+2"]

1. d4 Nf6 2. Nf3 g6 3. g3 Bg7 4. Bg2 d6 5. O-O O-O 6. Nbd2 d5 7. c4 Na6
8. a3 Be6 9. b3 Ne4 10. Nxe4 dxe4 11. Ng5 Bxd4 12. Nxe6 fxe6 13. Bh6 Bxa1 14.
Bxf8 Bf6 15. Bh6 Qd6 1/2-1/2

[Event "International chess holiday K11"]
[Site "Praha"]
[Date "2013.07.16"]
[Round "5"]
[White "Vítek, Jan"]
[Black "Èisárik, Pavol"]
[Result "1/2-1/2"]
[ECO "A03"]
[WhiteElo "1824"]
[BlackElo "1777"]
[Annotator "Koller,Martin"]
[PlyCount "39"]
[TimeControl "240+2"]

1. f4 Nf6 2. Nf3 d5 3. e3 g6 4. b3 Bg7 5. Bb2 O-O 6. Be2 c5 7. O-O Nc6
8. Ne5 Bd7 9. d3 d4 10. Nxc6 Bxc6 11. exd4 cxd4 12. Nd2 Nd5 13. Qc1 Ne3 14. Rf2
Rc8 15. Nf1 Qb6 16. Bd1 Rfe8 17. Nxe3 dxe3 18. Re2 Bxb2 19. Qxb2 Bd7 20. d4
1/2-1/2

[Event "International chess holiday K11"]
[Site "Praha"]
[Date "2013.07.16"]
[Round "5"]
[White "Schunke, Oliver"]
[Black "Kasparova, Ta�iana"]
[Result "0-1"]
[ECO "A00"]
[WhiteElo "1878"]
[BlackElo "2133"]
[Annotator "Koller,Martin"]
[PlyCount "57"]
[TimeControl "240+2"]

1. Nc3 e5 2. Nf3 d6 3. d4 Nd7 4. dxe5 dxe5 5. Bg5 f6
6. Bc1 Bb4 7. Qd3 Ne7 8. e4 Nc6 9. Be3 Nb6 10. Qxd8+ Nxd8 11. Bd2 Bg4 12. Ng1
Nc6 13. f3 Be6 14. a3 Bc5 15. O-O-O O-O-O 16. Bb5 Nd4 17. Bd3 Nb3+ 18. Kb1
Nxd2+ 19. Rxd2 Rd7 20. Nge2 Rhd8 21. Rdd1 c6 22. Nc1 Nc4 23. Bxc4 Bxc4 24. Rxd7
Rxd7 25. Nd3 Bxd3 26. cxd3 Rxd3 27. Kc2 Rd7 28. Re1 b5 29. Re2 0-1

[Event "International chess holiday K11"]
[Site "Praha"]
[Date "2013.07.17"]
[Round "6"]
[White "Trebbin, Wolfhard Dr."]
[Black "Schunke, Oliver"]
[Result "1/2-1/2"]
[ECO "E65"]
[WhiteElo "1968"]
[BlackElo "1878"]
[Annotator "Koller,Martin"]
[PlyCount "20"]
[TimeControl "240+2"]

1. d4 Nf6 2. Nf3 g6 3. g3 Bg7 4. Bg2 O-O 5. O-O d6 6. c4 Nbd7 7. Nc3 c5
8. d5 a6 9. a4 b6 10. e4 Rb8 1/2-1/2

[Event "International chess holiday K11"]
[Site "Praha"]
[Date "2013.07.17"]
[Round "6"]
[White "Pokorný, Jan"]
[Black "Èisárik, Pavol"]
[Result "1-0"]
[ECO "D35"]
[WhiteElo "1893"]
[BlackElo "1777"]
[Annotator "Koller,Martin"]
[PlyCount "51"]
[TimeControl "240+2"]

1. d4 Nf6 2. c4 e6 3. Nc3 d5 4. cxd5 exd5 5. Nf3 Be7 6. e3 O-O 7. Be2
c6 8. O-O Nbd7 9. a3 Ne4 10. Qc2 Ndf6 11. b4 Bf5 12. Bd3 Bg6 13. Ne5 Nd6 14.
Nxg6 hxg6 15. Bb2 Nc4 16. Bc1 b5 17. Bb2 a5 18. Na2 Qd6 19. Bxc4 bxc4 20. Bc3
Ne4 21. Be1 Rfb8 22. f3 Bg5 23. fxe4 Bxe3+ 24. Bf2 Bf4 25. e5 Qe6 26. Qc3 1-0

[Event "International chess holiday K11"]
[Site "Praha"]
[Date "2013.07.17"]
[Round "6"]
[White "Korth, Manfred Dr."]
[Black "Vítek, Jan"]
[Result "0-1"]
[ECO "A04"]
[WhiteElo "1887"]
[BlackElo "1824"]
[Annotator "Koller,Martin"]
[PlyCount "72"]
[TimeControl "240+2"]

1. Nf3 f5 2. g3 Nf6 3. Bg2 g6 4. d3 Bg7 5. O-O O-O 6. Nbd2 d6 7. c3 e5
8. Qb3+ Kh8 9. Ng5 Qd7 10. Bxb7 Bxb7 11. Qxb7 Nc6 12. Qb3 Rae8 13. Kg2 h6 14.
Nh3 g5 15. f3 d5 16. e4 f4 17. g4 Nxg4 18. Nb1 d4 19. Qd5 Qc8 20. Qxc6 Ne3+ 21.
Bxe3 dxe3 22. Ng1 Rf6 23. Qa4 g4 24. Qd1 h5 25. Na3 Rg6 26. Kh1 g3 27. hxg3
Rxg3 28. Qe2 h4 29. Qh2 Bf6 30. Rae1 Reg8 31. Re2 R8g7 32. Nc2 h3 33. d4 Qg8
34. d5 Rh7 35. Nb4 Rg2 36. Nxh3 Rxe2 0-1

[Event "International chess holiday K11"]
[Site "Praha"]
[Date "2013.07.17"]
[Round "6"]
[White "Litfin, Boris"]
[Black "Plesník , Miroslav"]
[Result "1/2-1/2"]
[ECO "C00"]
[WhiteElo "1937"]
[BlackElo "1901"]
[Annotator "Koller,Martin"]
[PlyCount "70"]
[TimeControl "240+2"]

1. e4 e6 2. d3 d5 3. Nd2 Nf6 4. Ngf3 Be7 5. g3 b6 6. Bg2 Bb7 7. O-O O-O
8. e5 Nfd7 9. Re1 c5 10. Nf1 Nc6 11. h4 Re8 12. N1h2 Nf8 13. h5 f6 14. exf6
Bxf6 15. Ng4 Nd7 16. Nxf6+ Nxf6 17. h6 e5 18. hxg7 Kxg7 19. Nh4 Bc8 20. Bg5 Be6
21. c3 h6 22. Bxf6+ Qxf6 23. c4 Rad8 24. Qa4 Nb4 25. Re3 dxc4 26. dxc4 Rf8 27.
Rf3 Qe7 28. Rd1 Rxd1+ 29. Qxd1 Bg4 30. Rf7+ Rxf7 31. Qxg4+ Qg5 32. Qe4 Qc1+ 33.
Kh2 Qxb2 34. Qg6+ Kf8 35. Qd6+ Kg7 1/2-1/2